AoeStats
← Random

Black Forest

504903867Analyzed
4v4 RM · 26d ago on Sep 7, 2026· 76m 12s· 8 players
Game mode
Random Map
Map size
Large (8 player)
Population
200
Speed
Normal
Resources
Standard
Victory
Conquest
Starting age
Dark Age
Ending age
Imperial Age
RankedLock teamsTeams togetherTeam positionsShared explorationLock speedFull tech treeHidden civsTurbo modeCheats
Victory
Defeat
🇦🇷 Mapuche · Argentina
1708
+13
🇨🇿 Vietnamese · Czechia
1589
+18
🇨🇿 Japanese · Czechia
1578
+18
🇦🇷 Ethiopians · Argentina
1534
+20
🇲🇽 Byzantines · Mexico
1686
-21
🇺🇸 Burgundians · United States
1616
-17
🇦🇷 Bohemians · Argentina
1611
-16
🇺🇸 Romans · United States
1581
-15
Random
1:18 Loom
12:42 Feudal Age
14:06 Fishing Lines
14:11 Horse Collar
14:16 Double-Bit Axe
14:38 Fishing Lines
15:48 Gillnets
17:30 Town Watch
20:44 Castle Age
19:27 Bow Saw
31:46 Heavy Plow
33:10 Wheelbarrow
33:08 Crop Rotation
34:53 Two-Man Saw
34:10 Hand Cart
37:41 Imperial Age
35:20 Gold Mining
36:11 Scale Barding Armor
36:00 Cavalier
36:40 Husbandry
36:51 Forging
37:54 Paladin
38:59 Chain Barding Armor
40:00 Iron Casting
39:55 Conscription
40:39 Plate Barding Armor
41:36 Light Cavalry
42:17 Scale Mail Armor
43:05 Hussar
45:07 Blast Furnace
44:26 Caravan
Rv
12:07 Feudal Age
13:20 Double-Bit Axe
15:59 Castle Age
13:45 Fishing Lines
17:34 Bow Saw
17:38 Gillnets
18:20 Horse Collar
21:23 Loom
22:10 Loom
23:35 Wheelbarrow
24:18 Elite Skirmisher
25:05 Fletching
25:33 Crossbowman
26:32 Bodkin Arrow
27:00 Ballistics
27:31 Padded Archer Armor
28:22 Thumb Ring
28:37 Leather Archer Armor
28:40 Thumb Ring
32:13 Imperial Age
33:20 Coinage
32:17 Arbalester
32:58 Bracer
33:59 Chemistry
34:05 Two-Man Saw
33:06 Heavy Plow
33:25 Hand Cart
33:04 Gold Mining
33:04 Stone Mining
33:11 Stone Mining
34:19 Banking
34:23 Conscription
33:52 Onager
35:48 Ring Archer Armor
35:25 Treadmill Crane
36:00 Guilds
36:54 Crop Rotation
40:24 Murder Holes
41:48 Caravan
41:17 Elite Cataphract
42:10 Logistica
42:06 Scale Barding Armor
42:12 Forging
42:51 Capped Ram
45:09 Chain Barding Armor
45:25 Iron Casting
46:04 Husbandry
46:56 Plate Barding Armor
47:26 Gold Shaft Mining
47:26 Stone Shaft Mining
46:47 Siege Ram
49:33 Fortified Wall
50:43 Hoardings
50:55 Scale Mail Armor
50:17 Pikeman
50:57 Squires
50:42 Gambesons
50:42 Arson
57:00 Arrowslits
57:36 Bombard Tower
66:43 Light Cavalry
Collllin
1:40 Loom
13:39 Feudal Age
15:06 Double-Bit Axe
16:17 Town Watch
16:33 Fishing Lines
24:19 Castle Age
25:05 Gillnets
25:26 Bow Saw
26:19 Wheelbarrow
30:52 Horse Collar
31:47 Guard Tower
37:01 Imperial Age
34:17 Town Watch
35:36 Hand Cart
35:47 Heavy Plow
35:40 Gold Mining
35:40 Stone Mining
36:16 Scale Mail Armor
36:26 Forging
37:02 Gold Shaft Mining
37:03 Squires
36:24 Man-at-Arms
37:20 Chain Mail Armor
37:11 Long Swordsman
38:27 Iron Casting
37:13 Capped Ram
38:20 Legionary
39:11 Siege Engineers
38:27 Siege Ram
42:13 Blast Furnace
41:35 Conscription
41:39 Comitatenses
46:59 Guilds
47:42 Fletching
48:05 Masonry
47:40 Sappers
49:25 Pikeman
50:19 Bodkin Arrow
51:01 Architecture
51:43 Halberdier
54:03 Caravan
57:11 Scale Barding Armor
58:23 Chain Barding Armor
63:58 Heavy Scorpion
64:47 Ballistas
65:18 Plate Barding Armor
66:47 Chemistry
66:07 Ballistics
67:21 Elite Centurion
69:38 Bloodlines
69:29 Husbandry
68:49 Light Cavalry
FutureEwe5582
10:53 Feudal Age
14:43 Castle Age
12:43 Double-Bit Axe
15:56 Wheelbarrow
15:46 Bow Saw
25:52 Treadmill Crane
26:05 Loom
29:21 Imperial Age
27:24 Padded Archer Armor
27:41 Fletching
28:44 Scale Mail Armor
28:55 Forging
30:11 Chemistry
28:55 Fishing Lines
29:20 Pikeman
30:16 Chain Mail Armor
30:26 Conscription
31:05 Iron Casting
30:14 Halberdier
30:55 Squires
30:41 Arson
32:42 Plate Mail Armor
32:37 Ballistics
32:59 Leather Archer Armor
32:42 Gillnets
34:26 Houfnice
35:37 Town Watch
36:08 Hand Cart
39:12 Bodkin Arrow
41:00 Two-Man Saw
40:47 Masonry
40:47 Siege Engineers
47:06 Architecture
47:08 Ring Archer Armor
46:11 Elite Skirmisher
48:30 Bracer
49:07 Caravan
61:21 Coinage
67:53 Blast Furnace
67:40 Bombard Tower
Čiko
7:11 Loom
11:10 Feudal Age
15:53 Castle Age
14:58 Fletching
14:59 Double-Bit Axe
14:55 Horse Collar
15:05 Horse Collar
17:15 Bow Saw
18:20 Fletching
35:29 Wheelbarrow
34:56 Heavy Plow
35:57 Hand Cart
35:46 Gold Mining
35:47 Stone Mining
37:23 Stone Shaft Mining
37:03 Chatras
40:50 Imperial Age
38:45 Forging
40:01 Iron Casting
39:31 Scale Barding Armor
40:01 Iron Casting
39:31 Scale Barding Armor
39:49 Scale Mail Armor
40:43 Ballistics
40:21 Murder Holes
41:47 Bloodlines
41:37 Husbandry
40:58 Elite Battle Elephant
42:00 Chain Barding Armor
41:02 Cavalier
42:43 Paper Money
43:33 Chemistry
44:24 Plate Barding Armor
44:06 Light Cavalry
45:19 Padded Archer Armor
45:14 Bodkin Arrow
46:49 Siege Engineers
47:45 Caravan
47:56 Guilds
48:16 Coinage
49:01 Bracer
51:00 Two-Man Saw
50:33 Crop Rotation
52:26 Thumb Ring
57:10 Elite Rattan Archer
59:32 Leather Archer Armor
65:29 Banking
[SotC] Klovn
0:26 Loom
12:09 Feudal Age
16:37 Castle Age
15:43 Double-Bit Axe
15:40 Horse Collar
18:25 Bow Saw
20:02 Wheelbarrow
21:33 Fletching
25:21 Bodkin Arrow
26:26 Padded Archer Armor
27:24 Town Watch
35:33 Imperial Age
33:26 Leather Archer Armor
33:33 Gold Mining
36:39 Ballistics
35:53 Elite Bolas Rider
37:16 Ring Archer Armor
38:03 Gold Mining
38:36 Hand Cart
40:11 Heavy Plow
40:47 Gold Shaft Mining
40:48 Forging
40:38 Scale Mail Armor
40:44 Pikeman
43:19 Halberdier
44:41 Chain Mail Armor
45:01 Iron Casting
45:51 Malon
48:23 Plate Mail Armor
49:42 Blast Furnace
51:32 Butalmapu
55:54 Arson
65:34 Crop Rotation
67:00 Siege Engineers
71:09 Conscription
Noxx
0:42 Loom
14:58 Feudal Age
15:44 Double-Bit Axe
18:49 Castle Age
17:25 Double-Bit Axe
17:55 Horse Collar
19:59 Bow Saw
25:02 Wheelbarrow
25:00 Heavy Plow
27:53 Hand Cart
27:47 Gold Mining
28:39 Stone Mining
31:45 Gold Shaft Mining
34:37 Imperial Age
32:20 Scale Mail Armor
32:30 Forging
32:09 Man-at-Arms
32:34 Gambesons
32:50 Squires
32:35 Arson
32:59 Long Swordsman
34:00 Chain Mail Armor
33:55 Forging
33:49 Fletching
33:43 Treadmill Crane
34:25 Ballistics
34:50 Two-Handed Swordsman
36:01 Plate Mail Armor
36:07 Iron Casting
34:57 Capped Ram
37:22 Two-Man Saw
35:56 Champion
37:48 Fortified Wall
38:38 Chemistry
37:50 Masonry
38:46 Guard Tower
38:54 Murder Holes
41:06 Blast Furnace
40:26 Bodkin Arrow
40:38 Siege Engineers
41:00 Yasama
42:35 Keep
42:22 Padded Archer Armor
42:24 Bracer
46:10 Padded Archer Armor
46:22 Masonry
46:15 Pikeman
46:40 Arson
46:55 Pikeman
47:33 Halberdier
51:43 Caravan
63:09 Coinage
65:07 Banking
71:10 Leather Archer Armor
MAGOYA
5:09 Loom
11:13 Feudal Age
13:20 Double-Bit Axe
15:56 Castle Age
17:08 Bow Saw
16:39 Horse Collar
22:37 Heavy Plow
24:33 Wheelbarrow
23:44 Town Watch
23:58 Stone Mining
24:20 Gold Mining
25:43 Hand Cart
30:53 Imperial Age
28:46 Forging
28:41 Scale Barding Armor
29:15 Scale Mail Armor
29:16 Squires
29:02 Arson
30:22 Iron Casting
29:52 Scale Mail Armor
32:41 Blast Furnace
32:17 Chain Mail Armor
33:06 Two-Man Saw
32:44 Gold Shaft Mining
32:45 Stone Shaft Mining
32:33 Conscription
33:23 Chemistry
33:43 Coinage
34:52 Plate Mail Armor
33:47 Elite Shotel Warrior
35:54 Siege Engineers
36:21 Fletching
37:01 Halberdier
37:38 Bodkin Arrow
38:09 Torsion Engines
38:27 Bracer
38:28 Padded Archer Armor
40:44 Caravan
41:33 Royal Heirs
42:02 Leather Archer Armor
47:37 Onager
48:07 Heavy Scorpion
52:04 Siege Onager
61:05 Banking
64:59 Guilds
68:52 Capped Ram
72:30 Siege Ram
Connection lost

Rejoining the realm…

Still unreachable

The connection could not be restored.

Session expired

The server has moved on; the page needs a fresh start.